 Dungeon Crawl Stone Soup version 0.17-a0-1508-ge7f3dc3 (webtiles) character file.

1079 amnekian the Basher (level 8, 0/61 HPs)
             Began as a Human Fighter on July 10, 2015.
             Was an Initiate of Gozag.
             Slain by a steam dragon (7 damage)
             ... on level 6 of the Dungeon.
             The game lasted 00:23:36 (4971 turns).

amnekian the Basher (Human Fighter)                 Turns: 4971, Time: 00:23:36

Health: 0/61       AC:  9    Str: 18    XL:     8   Next: 54%
Magic:  8/8        EV:  4    Int:  9    God:    Gozag
Gold:   363        SH:  9    Dex: 13    Spells: 0 memorised, 7 levels left

rFire  . . .     SeeInvis .     a - +4 mace
rCold  . . .     Clarity  .     k - +0 chain mail
rNeg   . . .     SustAt   .     c - +0 shield
rPois  .         Gourm    .     (no helmet)
rElec  .         Spirit   .     (no cloak)
rCorr  .         Warding  .     (no gloves)
rMut   .         Stasis   .     (no boots)
MR     .....                    (no amulet)
Stlth  ..........               (no ring)
                                (no ring)

@: not resistant to hostile enchantments, extremely unstealthy
A: no striking features
a: Potion Petition, Call Merchant, Bribe Branch, Renounce Religion


You were on level 6 of the Dungeon.
You worshipped Gozag.
Gozag was noncommittal.
You were not hungry.

You visited 2 branches of the dungeon, and saw 8 of its levels.

You collected 434 gold pieces.
You paid 71 gold pieces to Gozag.

Inventory:

Hand weapons
 a - a +4 mace (weapon)
 x - a +0 giant spiked club
 y - a +0 shortbow
 B - a +0 blowgun
 E - a +0 great mace of protection
Missiles
 b - 20 sling bullets
 f - 126 stones (quivered)
 o - 27 poisoned needles
 q - 23 poisoned arrows
 s - 7 sling bullets of frost
 u - 71 arrows
Armour
 c - a +0 shield (worn)
 k - a +0 chain mail (worn)
Jewellery
 h - an uncursed ring of sustain attributes {unknown}
 m - an uncursed ring of wizardry {unknown}
 p - an uncursed ring of positive energy {unknown}
 F - an uncursed amulet of warding {unknown}
Scrolls
 j - a scroll of blinking
 l - 5 scrolls of identify
 r - a scroll of magic mapping {unknown}
 D - 2 scrolls of remove curse {unknown}
Potions
 d - 3 potions of might
 i - a potion of brilliance {unknown}
 n - a potion of lignification
 t - 2 potions of degeneration {unknown}
 w - a potion of heal wounds
 A - 2 potions of curing
 C - 2 potions of beneficial mutation {unknown}
Comestibles
 e - 8 bread rations
 g - 2 beef jerkies
 v - 2 meat rations
 z - 5 fruits


   Skills:
 * Level 4.6 Fighting
 - Level 9.0 Maces & Flails
 - Level 3.0 Armour
 - Level 3.0 Shields


You had 7 spell levels left.
You didn't know any spells.

Dungeon Overview and Level Annotations

Branches:
Dungeon (7/15)             Temple (1/1) D:4

Altars:
Ashenzari
Cheibriados
Elyvilon
Fedhas
Gozag
Kikubaaqudgha
Nemelex Xobeh
Okawaru
Qazlal
Ru
Sif Muna
Trog
Xom
Zin
The Shining One

Annotations:
D:1 exclusion: 4 doors
D:3 1 exclusion


Message History

The steam dragon is heavily wounded.
You block the steam dragon's attack. The steam dragon barely misses you.
Your shield and chain mail prevent you from hitting the steam dragon.
The steam dragon is heavily wounded.
The steam dragon bites you. You block the steam dragon's attack.
You hit the steam dragon.
The steam dragon is heavily wounded.
You block the steam dragon's attack.
The steam dragon claws you but does no damage.
Your shield and chain mail prevent you from hitting the steam dragon.
The steam dragon is heavily wounded.
The steam dragon breathes steam at you. The ball of steam hits you!
* * * LOW HITPOINT WARNING * * *
You thump the steam dragon!
The steam dragon is almost dead.
You are engulfed in a cloud of scalding steam.
The steam dragon bites you!
You die...
Your body crumbles into a pile of gold.

..........#
..####.##.##
..####.#...#####
.......#.#.....#
..######...###.# .##
##### #.# ## ##.##
####### ##...##
###.....# #...D@#
.##.....# ##...##
..#.....# ##..#
..#.....# ##.##
..#>....# ##...#
..(...### ##...#.##
)..#### #....##.#
#.#.#########...#.##
..#.......#
##.#.####


You could see a steam dragon.

Vanquished Creatures
  2 ogres
  A phantom (D:4)
  A centaur (D:3)
  2 giant frogs (D:6)
  A scorpion (D:4)
  A vampire bat (D:3)
  2 crimson imps (D:6)
  An orc priest (D:3)
  An orc wizard (D:3)
  2 hounds
  3 worker ants
  2 iguanas (D:6)
  A hound zombie (D:4)
  A hound skeleton (D:6)
  4 adders
  A shadow imp (D:6)
  An ooze (D:2)
  An adder skeleton (D:4)
  2 worms
  A giant gecko (D:1)
  13 orcs
  4 bat skeletons (D:3)
  3 bat zombies (D:3)
  12 hobgoblins
  13 jackals
  11 kobolds
  7 ball pythons
  7 bats
  4 giant cockroaches
  4 giant newts
  12 goblins
  11 rats
132 creatures vanquished.

Notes
Turn   | Place    | Note
--------------------------------------------------------------
     0 | D:1      | amnekian the Human Fighter began the quest for the Orb.
     0 | D:1      | Reached XP level 1. HP: 18/18 MP: 1/1
   186 | D:1      | Reached XP level 2. HP: 24/24 MP: 2/2
   545 | D:1      | Reached XP level 3. HP: 29/29 MP: 3/3
  1020 | D:2      | Found a white marble altar of Elyvilon.
  1072 | D:2      | Became a worshipper of Elyvilon the Healer
  1284 | D:2      | Found a glowing golden altar of the Shining One.
  1389 | D:2      | Reached skill level 4 in Maces & Flails
  1389 | D:2      | Reached XP level 4. HP: 32/35 MP: 4/4
  1614 | D:3      | Found a blossoming altar of Fedhas.
  2139 | D:3      | Reached XP level 5. HP: 38/41 MP: 5/5
  2170 | D:3      | Acquired Elyvilon's first power
  2190 | D:3      | Found a sacrificial altar of Ru.
  2290 | D:3      | Noticed a centaur
  2307 | D:3      | Killed a centaur
  2307 | D:3      | Reached skill level 5 in Maces & Flails
  2365 | D:3      | Reached skill level 6 in Maces & Flails
  2365 | D:3      | Reached XP level 6. HP: 20/47 MP: 6/6
  2673 | D:3      | Found an ancient bone altar of Kikubaaqudgha.
  2998 | D:4      | Reached skill level 7 in Maces & Flails
  2998 | D:4      | Reached XP level 7. HP: 45/52 MP: 7/7
  3229 | D:4      | Found a deep blue altar of Sif Muna.
  3515 | D:4      | Reached skill level 8 in Maces & Flails
  3906 | D:4      | Found a staircase to the Ecumenical Temple.
  3915 | Temple   | Entered the Ecumenical Temple
  3930 | Temple   | Fell from the grace of Elyvilon
  3930 | Temple   | Became a worshipper of Gozag Ym Sagoz the Greedy
  4026 | D:5      | Entered Level 5 of the Dungeon
  4072 | D:6      | Reached XP level 8. HP: 58/58 MP: 8/8
  4257 | D:6      | Found a glowing silver altar of Zin.
  4292 | D:6      | Reached skill level 9 in Maces & Flails
  4823 | D:6      | Found a stormy altar of Qazlal.
  4971 | D:6      | Slain by a steam dragon

Vault maps used:
D:1:      dpeg_arrival_chase, corexii_leaking_fountain, hangedman_glass_garden,
          roderic_serpentine_path, st_stairs_6
D:2:      lemuel_coloured_pillars_altar, nicolae_overflow_crystal_walls,
          first_bread
D:3:      kennysheep_vampire_church, overflow_temple_1_default, fedhas_altar_1,
          hangedman_decor_opposing, kennysheep_minor_cross
D:4:      lemuel_crystal_altar, lemuel_temple_firewalk_marked
D:5:      basic_altar, uniq_duvessa, uniq_edmund
D:6:      overflow_temple_1_default, zin_scriptorium
D:7:      old_standard_altar, uniq_pikel
Temple:   temple_island_7

Action                   |  1- 3 |  4- 6 |  7- 9 || total
-------------------------+-------+-------+-------++-------
Melee: Flail             |    65 |       |       ||    65
       Mace              |    68 |   165 |   197 ||   430
 Fire: Blowgun           |       |       |     1 ||     1
Throw: Stone             |       |     1 |       ||     1
  Use: Scroll            |       |     9 |       ||     9
 Stab: Distracted        |       |       |     1 ||     1
  Eat: Chunk             |     1 |     6 |     4 ||    11
       Fruit             |       |       |     2 ||     2
       Bread ration      |       |       |     1 ||     1
